NCAA
MINNESOTA GOLDEN GOPHERS @ ILLINOIS FIGHTING ILLINI
04/29/2029
 
TOP OF THE 1ST
Minnesota Golden Gophers batting - Pitching for Illinois Fighting Illini : RHP Kevin Wilson
Pitching: RHP Kevin Wilson
Batting: SHB Enrique Stevenson 0-0: Foul Ball, location: 2F
0-1: Ball
1-1: Bunt for hit - play at first, batter OUT! 1-3
Batting: RHB Travis Alexander 0-0: Called Strike
0-1: Ball
1-1: Swinging Strike
1-2: Ball
2-2: Ball
3-2: Foul Ball, location: 2F
3-2: SINGLE (Line Drive, 78S)
Batting: LHB Will Rhodes 0-0: Ball
1-0: Ball
2-0: Ball
3-0: Base on Balls
Travis Alexander to second
Batting: LHB Arturo Nieves 0-0: Ball
1-0: Ball
2-0: Ball
3-0: Base on Balls
Travis Alexander to third
Will Rhodes to second
Batting: LHB Emory Lawson 0-0: Called Strike
0-1: Swinging Strike
0-2: Foul Ball, location: 2F
0-2: DOUBLE (Flyball, 78D)
Travis Alexander scores
Will Rhodes scores
Arturo Nieves to third
Batting: RHB Felipe Berrios 0-0: Called Strike
0-1: Ball
1-1: Swinging Strike
1-2: Strikes out looking
Batting: RHB Jorge Morán 0-0: Swinging Strike
0-1: Ball
1-1: Ball
Error on foul ball, E2
2-2: Ground out 6-3 (Groundball, 56)
Top of the 1st over - 2 runs, 2 hits, 1 error, 2 left on base; Minnesota 2 - Illinois 0
BOTTOM OF THE 1ST
Illinois Fighting Illini batting - Pitching for Minnesota Golden Gophers : LHP José Herrera
Pitching: LHP José Herrera
Batting: LHB José Rodríguez 0-0: Ball
1-0: Foul Ball, location: 2F
1-1: Ground out 6-3 (Groundball, 6)
Batting: LHB Jesse Bowen 0-0: Foul Ball, location: 2F
0-1: Swinging Strike
0-2: Ground out U3 (Groundball, 34)
Batting: LHB Dave Cannon 0-0: Ball
1-0: Foul Ball, location: 2F
1-1: Ground out 4-3 (Groundball, 4)
Bottom of the 1st over - 0 runs, 0 hits, 0 errors, 0 left on base; Minnesota 2 - Illinois 0
TOP OF THE 2ND
Minnesota Golden Gophers batting - Pitching for Illinois Fighting Illini : RHP Kevin Wilson
Batting: RHB Joseph Brown 0-0: Ball
1-0: Foul Ball, location: 2F
1-1: Swinging Strike
1-2: Strikes out swinging
Batting: LHB Bob Jensen 0-0: Ball
1-0: Called Strike
1-1: Ball
2-1: SOLO HOME RUN (Flyball, 7LD), Distance : 316 ft
Batting: SHB Enrique Stevenson 0-0: Called Strike
0-1: SINGLE (Line Drive, 8LS)
Batting: RHB Travis Alexander 0-0: Ball
1-0: Ball
2-0: SINGLE (Groundball, 56D)
Enrique Stevenson to second
Batting: LHB Will Rhodes 0-0: Ball
1-0: Grounds into double play, 4-6-3 (Groundball, 4)
Top of the 2nd over - 1 run, 3 hits, 0 errors, 1 left on base; Minnesota 3 - Illinois 0
BOTTOM OF THE 2ND
Illinois Fighting Illini batting - Pitching for Minnesota Golden Gophers : LHP José Herrera
Batting: RHB Robert Lancaster 0-0: Foul Ball, location: 2F
0-1: Swinging Strike
0-2: Strikes out swinging
Batting: RHB Weldon Lott 0-0: Ball
1-0: Foul Ball, location: 2F
1-1: Ball
2-1: Foul Ball, location: 2F
2-2: Foul Ball, location: 2F
2-2: Foul Ball, location: 2F
2-2: Foul Ball, location: 2F
2-2: Strikes out swinging
Batting: RHB Jim Bell 0-0: Called Strike
0-1: Foul Ball, location: 2F
0-2: Ground out U3 (Groundball, 34)
Bottom of the 2nd over - 0 runs, 0 hits, 0 errors, 0 left on base; Minnesota 3 - Illinois 0
TOP OF THE 3RD
Minnesota Golden Gophers batting - Pitching for Illinois Fighting Illini : RHP Kevin Wilson
Batting: LHB Arturo Nieves 0-0: Foul Ball, location: 2F
0-1: Ball
1-1: Swinging Strike
1-2: Reached on error, E3 (Groundball, 3)
Batting: LHB Emory Lawson 0-0: Ball
1-0: Called Strike
Arturo Nieves is caught stealing 2nd base
1-1: Foul Ball, location: 2F
1-2: Fly out, F8 (Flyball, 8LS)
Batting: RHB Felipe Berrios 0-0: Ball
1-0: Ball
2-0: Ball
3-0: Base on Balls
Batting: RHB Jorge Morán 0-0: Ball
1-0: Ball
2-0: Swinging Strike
2-1: Ground out 1-3 (Groundball, 13S)
Top of the 3rd over - 0 runs, 0 hits, 1 error, 1 left on base; Minnesota 3 - Illinois 0
BOTTOM OF THE 3RD
Illinois Fighting Illini batting - Pitching for Minnesota Golden Gophers : LHP José Herrera
Batting: RHB Neil Smith 0-0: Ball
1-0: Foul Ball, location: 2F
1-1: Foul Ball, location: 2F
1-2: Strikes out swinging
Batting: SHB Stanley Ryan 0-0: Called Strike
0-1: Called Strike
0-2: Strikes out looking
Batting: LHB Steve Roberts 0-0: Fly out, F5 (Popup, 56S)
Bottom of the 3rd over - 0 runs, 0 hits, 0 errors, 0 left on base; Minnesota 3 - Illinois 0
TOP OF THE 4TH
Minnesota Golden Gophers batting - Pitching for Illinois Fighting Illini : RHP Kevin Wilson
Batting: RHB Joseph Brown 0-0: Ball
1-0: SINGLE (Flyball, 7LS)
Batting: LHB Bob Jensen 0-0: Ball
1-0: Called Strike
1-1: Ground out 5-3 (Groundball, 56S)
Joseph Brown to second
Batting: SHB Enrique Stevenson 0-0: Called Strike
0-1: Fly out, F7 (Flyball, 78D)
Batting: RHB Travis Alexander 0-0: Ball
1-0: Ball
2-0: Fly out, F8 (Flyball, 8RM)
Top of the 4th over - 0 runs, 1 hit, 0 errors, 1 left on base; Minnesota 3 - Illinois 0
BOTTOM OF THE 4TH
Illinois Fighting Illini batting - Pitching for Minnesota Golden Gophers : LHP José Herrera
Batting: LHB José Rodríguez 0-0: Called Strike
0-1: Ball
1-1: SINGLE (Groundball, 6MD)
Batting: LHB Jesse Bowen 0-0: Called Strike
0-1: Ball
1-1: Fly out, F4 (Line Drive, 4)
Batting: LHB Dave Cannon 0-0: Called Strike
0-1: Ball
1-1: Swinging Strike
1-2: Foul Ball, location: 2F
1-2: Hit by Pitch
José Rodríguez to second
Batting: RHB Robert Lancaster 0-0: Ball
1-0: Ball
2-0: Called Strike
2-1: Foul Ball, location: 2F
2-2: Ball
3-2: Strikes out swinging
Batting: RHB Weldon Lott 0-0: Swinging Strike
0-1: Foul Ball, location: 2F
0-2: Ball
1-2: Strikes out swinging
Bottom of the 4th over - 0 runs, 1 hit, 0 errors, 2 left on base; Minnesota 3 - Illinois 0
TOP OF THE 5TH
Minnesota Golden Gophers batting - Pitching for Illinois Fighting Illini : RHP Kevin Wilson
Batting: LHB Will Rhodes 0-0: Foul Ball, location: 2F
0-1: Swinging Strike
0-2: Ball
1-2: Foul Ball, location: 2F
1-2: Ball
2-2: SINGLE (Line Drive, 8RS)
Batting: LHB Arturo Nieves 0-0: Called Strike
0-1: Hit by Pitch
Will Rhodes to second
Pitching: RHP Jerry Norman
Batting: LHB Emory Lawson 0-0: Foul Ball, location: 2F
0-1: Ball
1-1: Ball
2-1: Hit by Pitch
Will Rhodes to third
Arturo Nieves to second
Batting: RHB Felipe Berrios 0-0: Ball
1-0: Called Strike
1-1: Ball
2-1: Ball
3-1: Called Strike
3-2: Foul Ball, location: 2F
3-2: Strikes out swinging
Batting: RHB Jorge Morán 0-0: Swinging Strike
0-1: Ball
1-1: Swinging Strike
1-2: Strikes out swinging
Batting: RHB Joseph Brown 0-0: Ball
1-0: Foul Ball, location: 2F
1-1: Ball
2-1: Called Strike
2-2: Strikes out swinging
Top of the 5th over - 0 runs, 1 hit, 0 errors, 3 left on base; Minnesota 3 - Illinois 0
BOTTOM OF THE 5TH
Illinois Fighting Illini batting - Pitching for Minnesota Golden Gophers : LHP José Herrera
Batting: RHB Jim Bell 0-0: Ground out 6-3 (Groundball, 6S)
Batting: RHB Neil Smith 0-0: Called Strike
0-1: Foul Ball, location: 2F
0-2: Ball
1-2: Ground out 6-3 (Groundball, 6M)
Batting: SHB Stanley Ryan 0-0: Called Strike
0-1: Swinging Strike
0-2: Ball
1-2: Ground out 2-3 (Groundball, 15S)
Bottom of the 5th over - 0 runs, 0 hits, 0 errors, 0 left on base; Minnesota 3 - Illinois 0
TOP OF THE 6TH
Minnesota Golden Gophers batting - Pitching for Illinois Fighting Illini : RHP Jerry Norman
Batting: LHB Bob Jensen 0-0: Called Strike
0-1: Ball
1-1: Called Strike
1-2: Ball
2-2: Strikes out swinging
Batting: SHB Enrique Stevenson 0-0: Reached on error, E1 (Groundball, 15S)
Batting: RHB Travis Alexander 0-0: Ground out 6-3 (Groundball, 6)
Enrique Stevenson to third
Batting: LHB Will Rhodes 0-0: Ball
1-0: Called Strike
1-1: Called Strike
1-2: Ball
2-2: Strikes out swinging
Top of the 6th over - 0 runs, 0 hits, 1 error, 1 left on base; Minnesota 3 - Illinois 0
BOTTOM OF THE 6TH
Illinois Fighting Illini batting - Pitching for Minnesota Golden Gophers : LHP José Herrera
Batting: LHB Steve Roberts 0-0: Swinging Strike
0-1: Ball
1-1: Ball
2-1: Foul Ball, location: 2F
2-2: Ball
3-2: Fly out, F9 (Flyball, 9LSF)
Batting: LHB José Rodríguez 0-0: Called Strike
0-1: Foul Ball, location: 2F
0-2: Strikes out swinging
Batting: LHB Jesse Bowen 0-0: Ground out U3 (Groundball, 3L)
Bottom of the 6th over - 0 runs, 0 hits, 0 errors, 0 left on base; Minnesota 3 - Illinois 0
TOP OF THE 7TH
Minnesota Golden Gophers batting - Pitching for Illinois Fighting Illini : RHP Jerry Norman
Batting: LHB Arturo Nieves 0-0: Swinging Strike
0-1: Ball
1-1: Ball
2-1: Ball
3-1: Base on Balls
Batting: LHB Emory Lawson 0-0: Ball
1-0: Swinging Strike
1-1: Ball
2-1: SINGLE (Flyball, 89S)
Arturo Nieves to second
Runner from 2nd tries for 3rd, SAFE, throw made to third
Batting: RHB Felipe Berrios 0-0: Called Strike
0-1: Fly out, F8 (Flyball, 8RS)
Runner from 3rd tags up, SCORES, no throw
Batting: RHB Jorge Morán 0-0: Ball
Emory Lawson is caught stealing 2nd base
1-0: Ball
2-0: Ball
3-0: Swinging Strike
3-1: Called Strike
3-2: Fly out, F9 (Flyball, 9S)
Top of the 7th over - 1 run, 1 hit, 0 errors, 0 left on base; Minnesota 4 - Illinois 0
BOTTOM OF THE 7TH
Illinois Fighting Illini batting - Pitching for Minnesota Golden Gophers : LHP José Herrera
Batting: LHB Dave Cannon 0-0: Ball
1-0: Fly out, F7 (Line Drive, 78D)
Batting: RHB Robert Lancaster 0-0: Ball
1-0: Called Strike
1-1: Foul Ball, location: 2F
1-2: Foul Ball, location: 2F
1-2: Ball
2-2: Ball
3-2: Base on Balls
Pitching: RHP Rafael Luna
Batting: RHB Weldon Lott 0-0: Ball
1-0: Foul Ball, location: 2F
1-1: Called Strike
1-2: Foul Ball, location: 2F
1-2: Foul Ball, location: 2F
1-2: Grounds into double play, 6-4-3 (Groundball, 6)
Bottom of the 7th over - 0 runs, 0 hits, 0 errors, 0 left on base; Minnesota 4 - Illinois 0
TOP OF THE 8TH
Minnesota Golden Gophers batting - Pitching for Illinois Fighting Illini : RHP Jerry Norman
Batting: RHB Joseph Brown 0-0: Swinging Strike
0-1: Called Strike
0-2: Fly out, F7 (Flyball, 78M)
Batting: LHB Bob Jensen 0-0: Called Strike
0-1: Called Strike
0-2: Strikes out looking
Batting: SHB Enrique Stevenson 0-0: Called Strike
0-1: Called Strike
0-2: Foul Ball, location: 2F
0-2: Ball
1-2: Fly out, F6 (Line Drive, 6)
Top of the 8th over - 0 runs, 0 hits, 0 errors, 0 left on base; Minnesota 4 - Illinois 0
BOTTOM OF THE 8TH
Illinois Fighting Illini batting - Pitching for Minnesota Golden Gophers : RHP Rafael Luna
Batting: RHB Jim Bell 0-0: Ball
1-0: Foul Ball, location: 2F
1-1: Ball
2-1: Foul Ball, location: 2F
2-2: Strikes out looking
Batting: RHB Neil Smith 0-0: Foul Ball, location: 2F
0-1: Ball
1-1: Ball
2-1: Called Strike
2-2: Ball
3-2: Strikes out looking
Batting: SHB Stanley Ryan 0-0: Called Strike
0-1: Ball
1-1: Called Strike
1-2: Ball
2-2: Strikes out swinging
Bottom of the 8th over - 0 runs, 0 hits, 0 errors, 0 left on base; Minnesota 4 - Illinois 0
TOP OF THE 9TH
Minnesota Golden Gophers batting - Pitching for Illinois Fighting Illini : RHP Jerry Norman
Batting: RHB Travis Alexander 0-0: Ball
1-0: Ball
2-0: Ball
3-0: Called Strike
3-1: Base on Balls
Pitching: LHP Mark Andrews
Batting: LHB Will Rhodes 0-0: Foul Ball, location: 2F
0-1: Fly out, F5 (Popup, 25F)
Batting: LHB Arturo Nieves 0-0: Called Strike
0-1: Fly out, F8 (Flyball, 8LM)
Batting: LHB Emory Lawson 0-0: Ball
1-0: Ball
2-0: Ball
3-0: Called Strike
3-1: Base on Balls
Travis Alexander to second
Batting: RHB Felipe Berrios 0-0: Foul Ball, location: 2F
0-1: Ball
1-1: Called Strike
1-2: Strikes out swinging
Top of the 9th over - 0 runs, 0 hits, 0 errors, 2 left on base; Minnesota 4 - Illinois 0
BOTTOM OF THE 9TH
Illinois Fighting Illini batting - Pitching for Minnesota Golden Gophers : RHP Rafael Luna
Batting: LHB Steve Roberts 0-0: Called Strike
0-1: Ball
1-1: Ball
2-1: Foul Ball, location: 2F
2-2: Ball
3-2: Base on Balls
Batting: LHB José Rodríguez 0-0: Swinging Strike
0-1: Foul Ball, location: 2F
0-2: Strikes out looking
Batting: LHB Jesse Bowen 0-0: Ball
1-0: Ball
2-0: Ball
3-0: Called Strike
3-1: Fly out, F9 (Flyball, 9LS)
Batting: LHB Dave Cannon 0-0: Swinging Strike
0-1: Ball
1-1: Ball
2-1: Foul Ball, location: 2F
2-2: SINGLE (Line Drive, 9S)
Steve Roberts to second
Pitching: RHP Sancho Martínez
Batting: RHB Robert Lancaster 0-0: Swinging Strike
0-1: Foul Ball, location: 2F
0-2: Ball
1-2: Strikes out looking
Bottom of the 9th over - 0 runs, 1 hit, 0 errors, 2 left on base; Minnesota 4 - Illinois 0
Saturday, December 16th, 2017 - OOTP Baseball 18.8 Build 76